 Dungeon Crawl Stone Soup version 0.24-a0-381-g637bb3806f (webtiles) character file.

Game seed: 9045700645948452156

332743 Iscandelvey the Lord of Darkness (level 20, -4/145 HPs)
             Began as a Demonspawn Arcane Marksman on June 3, 2019.
             Was the Champion of Kikubaaqudgha.
             Killed from afar by an ancient champion (52 damage)
             ... with a bolt of negative energy
             ... on level 3 of the Crypt on June 4, 2019.
             The game lasted 10:40:15 (72400 turns).

Iscandelvey the Lord of Darkness (DsAM)            Turns: 72400, Time: 10:40:23

Health: -4/145     AC: 20    Str: 14    XL:     20   Next: 90%
Magic:  25/50      EV: 14    Int: 23    God:    Kikubaaqudgha [******]
Gold:   4605       SH:  8    Dex: 14    Spells: 8/53 levels left

rFire    . . .     SeeInvis +   P - +3 sling "Punk" {acid, rCorr}
rCold    + + .     Gourm    .   Z - +2 buckler {AC+3}
rNeg     . . .     Faith    .   A - +7 Kryia's mail coat {PotionHeal*2 rC+}
rPois    .         Spirit   .   O - +1 helmet {Int+3}
rElec    .         Reflect  .   s - scarf {repulsion}
rCorr    +         Harm     .   F - +0 pair of gloves {archery}
MR       .....                  (boots unavailable)
Stlth    +.........             (no amulet)
HPRegen  0.34/turn              E - ring of magical power
MPRegen  0.32/turn              G - ring of see invisible

@: about to teleport, vulnerable, heavily drained, repel missiles
A: talons 3, cold resistance 1, powered by death 2, robust 2, freezing cloud
immunity, sturdy frame 3
}: 2/15 runes: decaying, gossamer
a: Receive Corpses, Torment, Renounce Religion


You were on level 3 of the Crypt.
You worshipped Kikubaaqudgha.
Kikubaaqudgha was exalted by your worship.
You were very hungry.

You visited 8 branches of the dungeon, and saw 38 of its levels.
You also visited: Ice Cave and Volcano.

You collected 5169 gold pieces.
You spent 564 gold pieces at shops.

Inventory:

Hand Weapons
 a - a +2 spear of flaming
 q - a +4 eveningstar
 H - a +5 war axe of freezing
 P - the +3 sling "Punk" (weapon) {acid, rCorr}
   (You found it on level 7 of the Dungeon)

   It provides partial protection from all sources of acid and corrosion.
 T - a +3 demon trident of electrocution
Missiles
 k - 27 stones (quivered)
 r - 230 arrows
 t - 4 boomerangs of dispersal
 z - 8 curare-tipped darts
 D - 6 atropa-tipped darts
 R - 326 sling bullets
Armour
 s - a scarf of repulsion (worn)
 A - the +7 Kryia's mail coat (worn) {PotionHeal*2 rC+}
   (You found it on level 4 of the Dungeon)

   It protects you from cold.
 F - a +0 pair of gloves of archery (worn)
 O - a +1 helmet of intelligence (worn)
 Z - a +2 buckler of protection (worn)
Jewellery
 g - the ring of Riasun {rElec rF+ Stlth+}
   (You took it off an orc on level 3 of the Vaults)

   [ring of protection from fire]

   It protects you from fire.
   It insulates you from electricity.
   It makes you more stealthy.
 E - a ring of magical power (left hand)
 G - a ring of see invisible (right hand)
 J - an uncursed ring of protection from magic
 X - an uncursed ring of poison resistance
Wands
 e - a wand of disintegration (44)
 l - a wand of clouds (6)
 v - a wand of acid (21)
 I - a wand of enslavement (5)
 K - a wand of paralysis (26)
 Q - a wand of digging (4)
 S - a wand of polymorph (15)
 W - a wand of iceblast (22)
Scrolls
 b - 8 scrolls of teleportation
 i - 13 scrolls of remove curse
 j - 2 scrolls of blinking
 m - 5 scrolls of fog
 u - 2 scrolls of amnesia
 w - a scroll of enchant weapon
 y - 4 scrolls of magic mapping
 L - 5 scrolls of fear
Potions
 c - 3 potions of mutation {unknown}
 d - 2 potions of berserk rage
 h - 5 potions of curing
 n - a potion of invisibility
 x - 7 potions of haste
 C - 6 potions of resistance
 N - 3 potions of magic
 U - 2 potions of brilliance
 Y - 3 potions of ambrosia
Miscellaneous
 B - a lightning rod (4/4)
 M - a fan of gales
 V - a phantom mirror
Comestibles
 f - 34 rations


   Skills:
 - Level 1.1(0.0) Fighting
 - Level 12.4(9.9) Axes
 - Level 0.1(5.8) Maces & Flails
 - Level 13.9(11.4) Slings
   Level 5.5(3.4) Crossbows
 - Level 3.4(7.5) Throwing
 - Level 6.1(4.0) Armour
 - Level 6.9(4.8) Dodging
 - Level 9.7(7.3) Shields
 * Level 17.2(14.4) Spellcasting
 - Level 2.6(0.7) Conjurations
 - Level 6.7(4.5) Hexes
 * Level 19.2(16.3) Necromancy
 * Level 12.3(9.8) Transmutations


You had 8 spell levels left.
You knew the following spells:

 Your Spells              Type           Power        Failure   Level  Hunger
a - Corona                Hex            #####..      1%          1    None
b - Slow                  Hex            #####...     1%          2    None
c - Cause Fear            Hex            #####.....   7%          4    None
d - Vampiric Draining     Necr           #######...   0%          3    None
e - Animate Dead          Necr           N/A          1%          4    None
f - Portal Projectile     Hex/Tloc       ####..       5%          3    None
g - Regeneration          Chrm/Necr      ######....   1%          3    None
h - Sublimation of Blood  Necr           #######...   0%          2    None
i - Passwall              Tmut/Erth      #####...     1%          2    None
j - Conjure Flame         Conj/Fire      ###.....     12%         3    None
k - Death Channel         Necr           #######...   1%          6    #####..
l - Sticks to Snakes      Tmut           ######..     1%          2    None
m - Mephitic Cloud        Conj/Pois/Air  ###.....     12%         3    None
n - Blink                 Tloc           N/A          7%          2    None
o - Borgnjor's Vile Clut  Necr/Erth      ######....   4%          5    ###....

Your spell library contained the following spells:

 Spells                   Type           Power        Failure   Level  Hunger
 Animate Skeleton         Necr           N/A          0%          1    None
 Pain                     Necr           ####         0%          1    None
 Corpse Rot               Necr           N/A          0%          2    None
 Beastly Appendage        Tmut           ######       1%          1    None
 Spider Form              Tmut/Pois      #####.....   1%          3    None
 Agony                    Necr           #######.     1%          5    ###....
 Blade Hands              Tmut           ######....   1%          5    ###....
 Dispel Undead            Necr           #######.     1%          5    ###....
 Flame Tongue             Conj/Fire      ###..        3%          1    None
 Magic Dart               Conj           ###.         3%          1    None
 Ignite Poison            Fire/Tmut/Pois ####....     3%          3    None
 Bolt of Draining         Conj/Necr      ######....   3%          5    ###....
 Freeze                   Ice            ###.         4%          1    None
 Infusion                 Chrm           ###.         4%          1    None
 Summon Small Mammal      Summ           ###.         4%          1    None
 Excruciating Wounds      Chrm/Necr      ######....   4%          5    ###....
 Inner Flame              Hex/Fire       ####....     5%          3    None
 Spectral Weapon          Hex/Chrm       ####....     5%          3    None
 Summon Guardian Golem    Hex/Summ       ####....     5%          3    None
 Throw Flame              Conj/Fire      ###...       6%          2    None
 Throw Frost              Conj/Ice       ###...       6%          2    None
 Ice Form                 Ice/Tmut       #####...     6%          4    None
 Petrify                  Tmut/Erth      #####...     6%          4    None
 Yara's Violent Unravell  Hex/Tmut       #####.....   6%          5    ###....
 Call Imp                 Summ           ###.....     7%          2    None
 Shroud of Golubria       Chrm/Tloc      ###.......   7%          2    None
 Song of Slaying          Chrm           ###.....     7%          2    None
 Static Discharge         Conj/Air       ###.....     12%         3    None
 Hydra Form               Tmut           ######....   12%         6    #####..
 Call Canine Familiar     Summ           ###.....     13%         3    None
 Ozocubu's Armour         Chrm/Ice       ###.....     13%         3    None
 Recall                   Summ/Tloc      N/A          13%         3    None
 Irradiate                Conj/Tmut      #####.....   14%         5    ###....
 Alistair's Intoxication  Tmut/Pois      #####...     16%         5    ###....
 Leda's Liquefaction      Hex/Erth       ####......   17%         4    None
 Simulacrum               Ice/Necr       ######....   24%         6    #####..
 Borgnjor's Revivificati  Necr           #######...   34%         8    #######
 Infestation              Necr           #######...   34%         8    #######
 Sticky Flame             Conj/Fire      ###.....     36%         4    None
 Throw Icicle             Conj/Ice       ###.....     36%         4    None
 Summon Ice Beast         Ice/Summ       ###.....     41%         4    None
 Summon Lightning Spire   Summ/Air       ###.....     41%         4    None
 Metabolic Englaciation   Hex/Ice        ####......   43%         5    ###....
 Silence                  Hex/Air        ####......   43%         5    ###....
 Dragon Form              Tmut           ######....   54%         7    ######.
 Statue Form              Tmut/Erth      #####....    65%         6    #####..
 Fireball                 Conj/Fire      ###.......   71%         5    ###....
 Bolt of Magma            Conj/Fire/Erth ###.......   73%         5    ###....
 Haunt                    Necr/Summ      ######....   78%         7    ######.
 Necromutation            Tmut/Necr      ######....   80%         8    #######
 Bolt of Cold             Conj/Ice       ###.......   99%         6    #####..
 Freezing Cloud           Conj/Ice/Air   ###.......   99%         6    #####..
 Deflect Missiles         Chrm/Air       ###.......   100%        6    #####..
 Ozocubu's Refrigeration  Ice            ###.......   100%        6    #####..
 Death's Door             Chrm/Necr      ######....   100%        8    #######
 Discord                  Hex            #####.....   100%        8    #######


Dungeon Overview and Level Annotations

Branches:
Dungeon (13/15)            Temple (1/1) D:7            Lair (6/6) D:9
  Swamp (4/4) Lair:3       Spider (4/4) Lair:3        Slime (0/5) Lair:6
    Orc (2/2) D:10            Elf (0/3) Orc:2        Vaults (5/5) D:13
  Crypt (3/3) Vaults:2       Tomb (0/3) Crypt:3

Altars:
Cheibriados
Dithmenos
Elyvilon
Fedhas
Gozag
Hepliaklqana
Kikubaaqudgha
Makhleb
Nemelex Xobeh
Okawaru
Qazlal
Ru
Sif Muna
Vehumet
Wu Jian
Xom
Yredelemnul
Zin
The Shining One
Beogh

Shops:
D:6 ?   D:10 [   Orc:2 [([

Annotations:
D:3 1 runed translucent door, Hylith's ghost, amateur TrFi
Lair:1 exclusion: oklob plant
Spider:2 3 runed translucent doors, Cathule's ghost, journeyman TrHu
Crypt:3 3 runed translucent doors, Nimomuku's ghost, adept GrFi


Innate Abilities, Weirdness & Mutations

You have claws for feet.
Your flesh is cold resistant. (rC+)
You regenerate health from kills.
You are very robust. (+20% HP)
You are immune to freezing clouds.
Your movements are significantly less encumbered by armour. (ER -6)


Message History

The bolt of negative energy hits the vampire knight.
The vampire knight completely resists.
The bolt of negative energy hits the skeletal warrior.
The skeletal warrior completely resists.
The skeletal warrior misses you. Kikubaaqudgha delivers you corpses!
You feel somewhat more hungry.
The zombie hands constrict the ancient champion!!
The skeletal warrior is no longer covered in acid.
The zombie hands release their grip on the ancient champion.
The skeletal warrior misses you.
Casting: Borgnjor's Vile Clutch (safe; 3% risk of failure)
Confirm with . or Enter, or press ? or * to list all spells.
You call on the dead to rise...
The dead are walking and flying!
The ancient champion gestures at you while chanting.
The bolt of negative energy hits the skeletal warrior.
The skeletal warrior completely resists.
The bolt of negative energy hits you!!!
You feel drained.
You die...
Kikubaaqudgha rasps: "You have failed me!
Welcome... death!"

##################
#.................
#.................
#.................
#........########.
#........# #.
#........# #. #
#####ZZZ.....# #. ..
#...#@^......########.
...
#.z(#zV...............
#.#.
#.#(#(######)#########
..... #)#z#z#....#)# #
......###z#.#.'....#.#
#
....V()Z.§#§..#...)#)#
#
..VV(.z.§.#.#.#....#.#
#
V(........#...'....#.#
#
......###.#.#.#....#.#
#


You could see a vampire knight (invisible), an ancient champion, a skeletal
warrior, 2 friendly dire elephant zombies and a friendly fire dragon zombie.

Vanquished Creatures
  An ancient lich (Crypt:2)
  Frederick (Crypt:1)
  Saint Roka (Orc:2)
  The ghost of Jiem the Slayer, a veteran DsFi of Hepliaklqana (Vaults:3)
  A tentacled monstrosity (Vaults:2)
  Asterion (Vaults:1)
  An ancient champion (Crypt:3)
  Kirke (Swamp:1)
  A tengu reaver (Vaults:4)
  A thorn hunter (Swamp:4)
  Donald (Vaults:1)
  2 revenants
  Louise (Swamp:1)
  2 frost giants
  A deep elf sorcerer (Vaults:4)
  6 vault wardens
  2 ghost moths
  2 orc warlords
  4 emperor scorpions
  10 ironheart preservers
  12 stone giants
  A caustic shrike skeleton (Crypt:3)
  4 very ugly things (Vaults:2)
  5 ghouls
  3 entropy weavers
  5 vampire knights
  A deep elf annihilator (Vaults:3)
  A spark wasp (Spider:2)
  2 eidola
  A crystal guardian (Vaults:4)
  5 ettins
  4 deep elf death magi
  9 jiangshi
  10 yaktaur captains
  2 great orbs of eyes
  2 fire dragons (Vaults:3)
  2 rakshasas
  A quicksilver dragon skeleton (Crypt:1)
  18 hydras
  An ice dragon (Vaults:2)
  A shambling mangrove (Swamp:3)
  20 vault guards
  7 centaur warriors
  A ghost crab (Swamp:3)
  17 alligators
  A death yak (Lair:4)
  3 deep troll earth magi
  7 ogre magi
  A deep troll shaman (Vaults:1)
  20 two-headed ogres
  2 death knights
  Urug (Lair:5)
  An orc high priest (Vaults:3)
  7 vampire magi
  2 soul eaters
  A deep elf knight (Vaults:3)
  3 shadow wraiths
  10 skeletal warriors
  A fire crab (shapeshifter) (Vaults:3)
  2 unseen horrors
  6 deep trolls
  2 unseen horrors (shapeshifter)
  A spriggan druid (Swamp:4)
  2 glowing orange brains
  A glowing orange brain (shapeshifter) (Vaults:1)
  2 flayed ghosts (Crypt:2)
  3 swamp dragons
  2 wizards
  2 deep elf archers (Vaults:2)
  13 ironbrand convokers
  8 phantasmal warriors
  3 necromancers
  A sphinx zombie (Crypt:1)
  An anaconda skeleton (Crypt:1)
  17 orc knights
  A manticore (D:11)
  A stone giant zombie (Crypt:3)
  An orc sorcerer (Orc:1)
  16 wolf spiders
  8 orb spiders
  10 deep elf magi
  23 ugly things
  A salamander (shapeshifter) (Vaults:4)
  3 cyclopes
  A stone giant skeleton (Crypt:3)
  3 elephants (Lair:3)
  2 moths of wrath
  A shock serpent zombie (Crypt:1)
  An ice statue (IceCv)
  10 vault sentinels
  3 black mambas
  33 spiny frogs
  2 torpor snails
  2 gargoyles (Volcano)
  A purple draconian zombie (Crypt:3)
  A kobold demonologist (D:11)
  A green draconian skeleton (Crypt:2)
  24 yaktaurs
  An emperor scorpion zombie (Crypt:2)
  6 komodo dragons
  A yaktaur (shapeshifter) (Vaults:4)
  3 anaconda simulacra (IceCv)
  A golden dragon simulacrum (IceCv)
  11 freezing wraiths
  5 demonic crawlers
  6 ice devils (IceCv)
  A minotaur skeleton (Crypt:2)
  5 trolls
  9 jumping spiders
  21 tyrant leeches
  6 hornets
  21 blink frogs
  A harpy skeleton (Crypt:2)
  12 bog bodies
  10 slime creatures
  15 dream sheep
  An ettin zombie (Vaults:2)
  A hydra skeleton (Crypt:3)
  3 hippogriffs
  3 flying skulls (Volcano)
  37 redbacks
  4 spriggans (Swamp:3)
  6 shadows
  14 tarantellas
  6 wraiths
  2 wyverns
  2 dire elephant simulacra (IceCv)
  2 basilisks (Lair:5)
  15 yaks
  3 fire bats (Orc:1)
  4 hogs (Swamp:1)
  19 humans (D:13)
  2 hungry ghosts (D:11)
  A steam dragon (D:12)
  16 vampire mosquitoes
  Menkaure (D:7)
  6 wargs
  4 harpy simulacra (IceCv)
  14 swamp worms
  A soldier ant (D:12)
  2 insubstantial wisps
  3 acid dragons (Vaults:2)
  2 iron troll simulacra (IceCv)
  7 water moccasins
  5 porcupines
  A two-headed ogre skeleton (Crypt:1)
  3 hydra simulacra (IceCv)
  3 sky beasts
  A black bear (Lair:1)
  58 orc warriors
  6 swamp drakes
  An ettin simulacrum (Vaults:3)
  5 phantoms
  4 ice beasts
  3 necrophages
  25 ogres
  6 boggarts
  11 centaurs
  14 crocodiles
  An elephant skeleton (Crypt:3)
  5 big kobolds
  27 bullfrogs
  A wyvern zombie (D:11)
  A water moccasin skeleton (D:7)
  3 scorpions
  An elephant simulacrum (IceCv)
  10 killer bees
  2 swamp dragon simulacra
  12 wights
  2 electric eels (Spider:2)
  A yak skeleton (Crypt:1)
  A howler monkey (D:6)
  3 troll skeletons
  A centaur zombie (D:5)
  8 crimson imps
  A bullfrog zombie (D:5)
  2 human simulacra (Vaults:1)
  A draconian simulacrum (IceCv)
  3 quasits
  4 centaur skeletons
  5 jellies
  7 hounds
  34 orc priests
  3 bullfrog skeletons
  36 orc wizards
  Terence (D:3)
  6 worker ants
  6 iguanas
  4 troll simulacra (IceCv)
  A polar bear simulacrum (IceCv)
  A killer bee zombie (Crypt:1)
  2 centaur simulacra (IceCv)
  A felid skeleton (Crypt:2)
  2 naga skeletons (Volcano)
  A hound zombie (D:8)
  5 worker ant zombies
  2 howler monkey skeletons
  19 adders
  3 gnolls (D:4)
  2 naga simulacra (IceCv)
  An ogre simulacrum (IceCv)
  A swamp drake skeleton (Crypt:1)
  2 shadow imps
  4 white imps (IceCv)
  4 ufetubi (IceCv)
  2 halfling skeletons (Crypt:2)
  An adder skeleton (D:8)
  2 adder zombies
  An iguana skeleton (Crypt:1)
  3 worms
  A barachi zombie (Crypt:1)
  8 dart slugs
  4 leopard geckos
  139 orcs
  4 ball pythons
  8 giant cockroaches
  5 hobgoblins
  12 jackals
  6 quokkas
  7 bats
  6 frilled lizards
  A frilled lizard skeleton (Crypt:3)
  13 goblins
  26 kobolds
  2 quokka skeletons
  6 rats
  A rat skeleton (Crypt:2)
  A fungus (Lair:6)
  2 plants
1417 creatures vanquished.

Vanquished Creatures (collateral kills)
  Mara (Crypt:2)
  An Ice Fiend (IceCv)
  A titan (Vaults:4)
  A thorn hunter (Swamp:2)
  An orc warlord (Vaults:3)
  2 ghost moths
  6 vault wardens
  5 emperor scorpions (Spider:4)
  4 stone giants
  A deep elf death mage (Crypt:3)
  An ettin (Vaults:4)
  A yaktaur captain (Vaults:1)
  An ogre mage (Vaults:3)
  A great orb of eyes (Vaults:4)
  6 hydras
  11 vault guards
  A shambling mangrove (Swamp:1)
  3 death knights
  7 two-headed ogres
  3 death yaks (Lair:4)
  A soul eater (Crypt:2)
  A flayed ghost (Vaults:3)
  2 spriggan druids
  7 swamp dragons
  A wizard (Vaults:2)
  A deep troll (Vaults:4)
  A deep elf archer (Vaults:3)
  4 orc knights
  4 ironbrand convokers
  An anaconda skeleton (Volcano)
  4 orb spiders
  2 deep elf magi
  7 wolf spiders
  5 ugly things
  A stone giant zombie (Vaults:2)
  A cyclops (Vaults:2)
  A moth of wrath (Spider:4)
  A dire elephant zombie (Crypt:3)
  2 spiny frogs
  A gargoyle (Volcano)
  3 rime drakes (Swamp:4)
  2 vault sentinels (Vaults:2)
  2 freezing wraiths
  7 yaktaurs
  2 demonic crawlers
  A sphinx simulacrum (Vaults:2)
  5 tyrant leeches
  8 jumping spiders
  3 hornets
  2 slime creatures (Swamp:4)
  A stone giant simulacrum (Vaults:2)
  2 hippogriffs (shapeshifter)
  A fire dragon skeleton (Crypt:3)
  25 redbacks
  A spriggan (Swamp:3)
  A wraith (Crypt:3)
  An alligator skeleton (Volcano)
  7 tarantellas
  A vampire mosquito (D:12)
  5 swamp worms
  5 insubstantial wisps
  A soldier ant (D:12)
  6 swamp drakes
  7 orc warriors
  9 ogres
  A killer bee (D:12)
  2 orc priests
  A hound (D:12)
  2 orc wizards (Orc:1)
  12 orcs
232 creatures vanquished.

Vanquished Creatures (others)
  A tengu reaver (Vaults:5)
  A deep elf knight (Vaults:3)
  A redback (Spider:1)
  An orc wizard (Orc:2)
  A white imp (IceCv)
  2 ufetubi (IceCv)
  21 fungi
  55 plants
83 creatures vanquished.

Grand Total: 1732 creatures vanquished

Notes
Turn   | Place    | Note
-------+----------+-------------------------------------------
     0 | D:1      | Iscandelvey the Demonspawn Arcane Marksman began the quest
                  | for the Orb.
     0 | D:1      | Reached XP level 1. HP: 15/15 MP: 2/2
    65 | D:1      | Gained mutation: You regenerate a little health from kills.
                  | [demonic ancestry]
    65 | D:1      | Reached XP level 2. HP: 21/21 MP: 3/3
   518 | D:1      | Gained mutation: Your movements are slightly less
                  | encumbered by armour. (ER -2) [demonic ancestry]
   518 | D:1      | Reached XP level 3. HP: 18/26 MP: 4/4
   710 | D:1      | Learned a level 2 spell: Slow
  1887 | D:2      | Reached XP level 4. HP: 24/32 MP: 2/6
  2323 | D:3      | Noticed a bullfrog
  2512 | D:3      | Killed a bullfrog
  2512 | D:3      | Reached XP level 5. HP: 14/37 MP: 1/8
  2726 | D:3      | Found a basalt altar of Yredelemnul.
  2978 | D:3      | Noticed Hylith's ghost (amateur TrFi)
  2981 | D:3      | Found a runed translucent door.
  3198 | D:3      | Noticed an ogre
  3724 | D:3      | Noticed Terence
  3864 | D:3      | Killed Terence
  4821 | D:3      | Gained mutation: You have sharp toenails. [demonic
                  | ancestry]
  4821 | D:3      | Reached XP level 6. HP: 37/43 MP: 9/9
  5597 | D:4      | Found a glowing golden altar of the Shining One.
  5767 | D:4      | Found a deep blue altar of Sif Muna.
  5816 | D:4      | Found the +7 Kryia's mail coat {PotionHeal*2 rC+}
  5981 | D:5      | Entered Level 5 of the Dungeon
  6004 | D:5      | Reached skill level 1 in Armour
  6004 | D:5      | Reached skill level 5 in Hexes
  6004 | D:5      | Gained mutation: Your flesh is cold resistant. (rC+)
                  | [demonic ancestry]
  6004 | D:5      | Reached XP level 7. HP: 44/48 MP: 10/12
  6359 | D:5      | Reached skill level 1 in Throwing
  6390 | D:5      | Found a hazy altar of Hepliaklqana.
  6448 | D:5      | Found a snail-covered altar of Cheibriados.
  6503 | D:5      | Reached XP level 8. HP: 54/54 MP: 10/14
  7282 | D:6      | Reached skill level 5 in Crossbows
  7361 | D:6      | Found Rerchaof's Magic Scroll Boutique.
  7376 | D:6      | Bought a scroll of remove curse for 39 gold pieces
  7376 | D:6      | Bought a scroll of identify for 26 gold pieces
  7376 | D:6      | Bought a scroll of teleportation for 39 gold pieces
  7605 | D:6      | Found an ornate altar of the Wu Jian Council.
  7606 | D:6      | Found a white marble altar of Elyvilon.
  7635 | D:6      | Found a snail-covered altar of Cheibriados.
  7635 | D:6      | Found a radiant altar of Vehumet.
  7832 | D:6      | Found a stormy altar of Qazlal.
  7833 | D:6      | Found a sparkling altar of Nemelex Xobeh.
  8196 | D:7      | Noticed Menkaure
  8219 | D:6      | Reached skill level 5 in Spellcasting
  8219 | D:6      | Reached XP level 9. HP: 51/59 MP: 9/16
  9017 | D:7      | Found the +3 sling "Punk" {acid, rCorr}
  9360 | D:3      | Reached skill level 1 in Slings
 10324 | D:7      | Found a staircase to the Ecumenical Temple.
 10360 | Temple   | Entered the Ecumenical Temple
 10383 | Temple   | Became a worshipper of Kikubaaqudgha
 10438 | D:7      | Killed Menkaure
 11142 | D:8      | Reached skill level 5 in Slings
 11261 | D:8      | Reached * piety under Kikubaaqudgha
 11261 | D:8      | Identified Kikubaaqudgha's Handbook of Unholy Arts
                  | (Kikubaaqudgha gifted it to you on level 8 of the Dungeon)
 11261 | D:8      | Received a gift from Kikubaaqudgha
 11653 | D:8      | Noticed a two-headed ogre
 11691 | D:8      | Killed a two-headed ogre
 11691 | D:8      | Gained mutation: You have razor-sharp toenails. [demonic
                  | ancestry]
 11691 | D:8      | Reached XP level 10. HP: 65/65 MP: 14/17
 12126 | D:9      | Reached ** piety under Kikubaaqudgha
 12350 | D:9      | Found a staircase to the Lair.
 12531 | D:9      | Learned a level 4 spell: Cause Fear
 12535 | D:9      | Learned a level 3 spell: Vampiric Draining
 12542 | D:9      | Noticed a two-headed ogre
 12576 | D:9      | Killed a two-headed ogre
 12576 | D:9      | Reached skill level 2 in Necromancy
 12877 | D:10     | Entered Level 10 of the Dungeon
 13046 | D:10     | Found a staircase to the Orcish Mines.
 13085 | D:10     | Found Joquom's Antique Armour Shoppe.
 13246 | D:10     | Reached skill level 3 in Necromancy
 13411 | D:10     | Noticed a two-headed ogre
 13432 | D:10     | Killed a two-headed ogre
 13432 | D:10     | Reached skill level 4 in Necromancy
 13747 | Lair:1   | Entered Level 1 of the Lair of Beasts
 13764 | Lair:1   | Noticed an oklob plant
 14654 | Lair:1   | Noticed an eight-headed hydra
 14713 | Lair:1   | Reached XP level 11. HP: 68/70 MP: 19/21
 14779 | Lair:1   | Killed an eight-headed hydra
 14779 | Lair:1   | Reached skill level 5 in Necromancy
 16632 | Lair:2   | Noticed an eight-headed hydra
 16652 | Lair:2   | Killed an eight-headed hydra
 16652 | Lair:2   | Reached skill level 6 in Necromancy
 17080 | Lair:3   | Found a staircase to the Swamp.
 17080 | Lair:3   | Noticed a swamp dragon
 17368 | Lair:3   | Reached skill level 10 in Slings
 17922 | Lair:3   | Found a hole to the Spider Nest.
 17959 | Lair:3   | Reached skill level 7 in Necromancy
 18046 | Lair:3   | Killed a swamp dragon
 18046 | Lair:3   | Reached skill level 1 in Shields
 18698 | Lair:3   | Reached *** piety under Kikubaaqudgha
 18698 | Lair:3   | Identified Kikubaaqudgha's Reference Book on Sinister
                  | Rituals (Kikubaaqudgha gifted it to you on level 3 of the
                  | Lair of Beasts)
 18698 | Lair:3   | Received a gift from Kikubaaqudgha
 18844 | Lair:3   | Learned a level 4 spell: Animate Dead
 18853 | Lair:3   | Learned a level 3 spell: Portal Projectile
 18896 | Lair:4   | Noticed a death yak
 18896 | Lair:4   | Noticed a death yak
 19072 | Lair:4   | Gained mutation: Your movements are less encumbered by
                  | armour. (ER -4) [demonic ancestry]
 19072 | Lair:4   | Reached XP level 12. HP: 76/76 MP: 24/24
 19080 | Lair:4   | Noticed an eight-headed hydra
 19515 | Lair:3   | Reached skill level 8 in Necromancy
 19764 | Lair:4   | Killed an eight-headed hydra
 19948 | Lair:4   | Noticed a death yak
 19951 | Lair:4   | Noticed a death yak
 20554 | Lair:4   | Killed a death yak
 20566 | Lair:4   | Killed a death yak
 20582 | Lair:4   | Killed a death yak
 20585 | Lair:4   | Killed a death yak
 20930 | Lair:5   | Noticed a seven-headed hydra
 21100 | Lair:5   | Noticed a seven-headed hydra
 21247 | Lair:5   | Killed a seven-headed hydra
 21247 | Lair:5   | Reached skill level 9 in Necromancy
 21444 | Lair:5   | Killed a seven-headed hydra
 21657 | Lair:5   | Reached skill level 5 in Shields
 21680 | Lair:5   | Noticed Urug
 21690 | Lair:5   | Killed Urug
 22476 | Lair:6   | Entered Level 6 of the Lair of Beasts
 22574 | Lair:6   | Gained mutation: Your movements are significantly less
                  | encumbered by armour. (ER -6) [demonic ancestry]
 22574 | Lair:6   | Reached XP level 13. HP: 48/81 MP: 4/26
 23567 | Lair:6   | Reached skill level 10 in Spellcasting
 23606 | Lair:6   | Reached skill level 10 in Necromancy
 24605 | Lair:5   | Reached **** piety under Kikubaaqudgha
 26130 | Lair:6   | Found a staircase to the Slime Pits.
 27683 | Orc:1    | Entered Level 1 of the Orcish Mines
 27753 | Orc:1    | Reached skill level 11 in Necromancy
 27946 | Orc:2    | Entered Level 2 of the Orcish Mines
 27991 | Orc:1    | Learned a level 3 spell: Regeneration
 28056 | Orc:2    | Noticed a stone giant
 28073 | Orc:2    | Killed a stone giant
 28151 | Orc:2    | Reached ***** piety under Kikubaaqudgha
 28155 | Orc:2    | Found a roughly hewn altar of Beogh.
 28156 | Orc:2    | Found Edau's Armour Boutique.
 28213 | Orc:1    | Noticed an orc warlord
 28253 | Orc:1    | Found a dark tunnel.
 28262 | Volcano  | Entered a volcano
 28497 | Volcano  | Learned a level 2 spell: Sublimation of Blood
 28757 | Volcano  | Gained mutation: You have claws for feet. [demonic
                  | ancestry]
 28757 | Volcano  | Reached XP level 14. HP: 40/88 MP: 28/28
 29425 | Orc:1    | Killed an orc warlord
 30028 | Orc:2    | Found a roughly hewn altar of Beogh.
 30086 | Orc:2    | Found a roughly hewn altar of Beogh.
 30107 | Orc:2    | Found Mumniot's Magic Scroll Shop.
 30212 | Orc:2    | Found a staircase to the Elven Halls.
 30339 | Orc:2    | Found a roughly hewn altar of Beogh.
 31123 | Orc:2    | Noticed Saint Roka
 31393 | Swamp:1  | Entered Level 1 of the Swamp
 31736 | Swamp:1  | Identified Fetomnes's Papyrus of Gliding Clay
 31741 | Swamp:1  | Learned a level 2 spell: Passwall
 32112 | Swamp:1  | Noticed Louise
 32166 | Swamp:1  | Killed Louise
 32475 | Swamp:1  | Noticed Kirke
 32484 | Swamp:1  | Reached skill level 12 in Necromancy
 32816 | Swamp:1  | Killed Kirke
 36052 | Swamp:3  | Noticed a thorn hunter
 36269 | Swamp:3  | Identified the +2 scale mail "Cisanotz" {rPois rCorr Str+2}
 36281 | Swamp:2  | Killed a thorn hunter
 36834 | D:10     | Gained mutation: You are robust. (+10% HP) [demonic
                  | ancestry]
 36834 | D:10     | Reached XP level 15. HP: 43/102 MP: 19/31
 37257 | D:11     | Identified the +2 robe "Jeoss" {rPois}
 37703 | D:11     | Found a shimmering altar of Xom.
 38084 | D:11     | Reached skill level 13 in Necromancy
 40319 | D:13     | Found a gate to the Vaults.
 41301 | D:9      | Identified a scroll of acquirement
 41853 | Orc:2    | Killed Saint Roka
 42102 | Orc:2    | Found Cunt's Antique Weapon Shop.
 42176 | Orc:2    | Found a roughly hewn altar of Beogh.
 42179 | Orc:2    | Found Rygeff's Antique Armour Boutique.
 42187 | Orc:2    | Bought a steaming arbalest for 228 gold pieces
 42193 | Orc:2    | Bought a pair of embroidered gloves for 232 gold pieces
 42206 | Orc:2    | Identified the +0 arbalest "Ublapaj" {elec, Fragile rElec
                  | rF+ rC+ Int+4} (You bought it in a shop on level 2 of the
                  | Orcish Mines)
 42414 | Spider:1 | Entered Level 1 of the Spider Nest
 43125 | Spider:1 | Reached skill level 14 in Necromancy
 43131 | Spider:1 | Learned a level 3 spell: Conjure Flame
 43530 | Spider:1 | Reached skill level 1 in Conjurations
 43801 | Spider:2 | Reached ****** piety under Kikubaaqudgha
 43802 | Spider:2 | Received a gift from Kikubaaqudgha
 43847 | Spider:2 | Found a runed translucent gate.
 43849 | Spider:2 | Found a runed translucent gate.
 44152 | Spider:2 | Learned a level 6 spell: Death Channel
 44574 | Spider:2 | Found a runed translucent gate.
 44574 | Spider:2 | Noticed Cathule's ghost (journeyman TrHu)
 44808 | Spider:3 | Reached XP level 16. HP: 74/108 MP: 13/33
 45049 | Spider:3 | Reached skill level 5 in Dodging
 46983 | Spider:4 | Entered Level 4 of the Spider Nest
 47439 | Spider:4 | Reached skill level 5 in Armour
 48169 | Spider:4 | Reached skill level 1 in Transmutations
 48210 | Spider:4 | Got a gossamer rune of Zot
 49013 | D:9      | Learned a level 2 spell: Sticks to Snakes
 49160 | Vaults:1 | Entered Level 1 of the Vaults
 50404 | Vaults:2 | Reached skill level 15 in Necromancy
 50534 | Vaults:2 | Found a staircase to the Crypt.
 50588 | Vaults:1 | Gained mutation: You regenerate health from kills. [demonic
                  | ancestry]
 50588 | Vaults:1 | Reached XP level 17. HP: 58/114 MP: 31/34
 51540 | Vaults:1 | Reached skill level 5 in Transmutations
 52032 | Vaults:1 | You fall into a shaft and drop 1 floor!
 52116 | Vaults:2 | Noticed a tentacled monstrosity
 52179 | Vaults:1 | Noticed Donald
 53002 | Vaults:1 | Killed Donald
 53249 | Vaults:1 | Noticed Asterion
 53258 | Vaults:1 | Killed Asterion
 53410 | Vaults:1 | Reached skill level 16 in Necromancy
 54855 | Vaults:2 | Reached XP level 18. HP: 121/121 MP: 21/36
 54945 | Vaults:2 | Reached skill level 15 in Spellcasting
 55059 | Vaults:2 | Killed a tentacled monstrosity
 56569 | Vaults:3 | Got a transparent great sword
 56575 | Vaults:3 | Identified the +4 great sword of Satyriasis {elec, Str+4}
                  | (You found it on level 3 of the Vaults)
 56722 | Vaults:3 | Reached skill level 17 in Necromancy
 57557 | Vaults:3 | Found a runed translucent gate.
 57557 | Vaults:3 | Found a runed translucent gate.
 57557 | Vaults:3 | Found a runed translucent gate.
 57557 | Vaults:3 | Noticed Jiem's ghost (veteran DsFi)
 58015 | Vaults:3 | Identified the ring of Riasun {rElec rF+ Stlth+}
 58017 | Vaults:3 | Identified the cursed +2 dire flail "Sunohyci" {drain, rC+
                  | Int+2}
 58741 | Vaults:3 | Found a roughly hewn altar of Beogh.
 58856 | Vaults:3 | Killed Jiem's ghost
 58856 | Vaults:3 | Reached skill level 10 in Transmutations
 59407 | Vaults:4 | Gained mutation: You are very robust. (+20% HP) [demonic
                  | ancestry]
 59407 | Vaults:4 | Reached XP level 19. HP: 73/138 MP: 39/39
 59662 | Vaults:4 | Learned a level 3 spell: Mephitic Cloud
 59665 | Vaults:4 | Learned a level 2 spell: Blink
 59877 | Vaults:4 | Reached skill level 18 in Necromancy
 60856 | Vaults:5 | Entered Level 5 of the Vaults
 63855 | Swamp:3  | HP: 6/138 [poison (poison gas)]
 63860 | Swamp:3  | HP: 4/138 [poison (poison gas)]
 63865 | Swamp:3  | HP: 5/138 [poison (poison gas)]
 64276 | Swamp:3  | Reached skill level 1 in Axes
 64966 | Swamp:4  | Entered Level 4 of the Swamp
 65184 | Swamp:4  | Found a frozen archway.
 65212 | IceCv    | Entered an ice cave
 65572 | IceCv    | Reached skill level 5 in Axes
 66175 | IceCv    | Learned a level 5 spell: Borgnjor's Vile Clutch
 66208 | Swamp:4  | Gained mutation: You are immune to freezing clouds.
                  | [demonic ancestry]
 66208 | Swamp:4  | Reached XP level 20. HP: 145/145 MP: 0/40
 66407 | Swamp:4  | Got a decaying rune of Zot
 67608 | Crypt:1  | Entered Level 1 of the Crypt
 68032 | Crypt:1  | Reached skill level 10 in Axes
 69076 | Crypt:1  | Noticed Frederick
 69087 | Crypt:1  | Killed Frederick
 69558 | Crypt:2  | Noticed Mara
 69706 | Crypt:2  | Noticed Iscandelvey's illusion
 70807 | Crypt:3  | Entered Level 3 of the Crypt
 70807 | Crypt:3  | Noticed an ancient lich
 70818 | Crypt:2  | Killed an ancient lich
 71142 | Crypt:2  | Noticed Iscandelvey's illusion
 71167 | Crypt:2  | Noticed Iscandelvey's illusion
 71178 | Crypt:2  | Killed Mara
 71178 | Crypt:2  | Reached skill level 19 in Necromancy
 71767 | Crypt:3  | Found a staircase to the Tomb.
 72195 | Crypt:3  | Found a runed translucent gate.
 72195 | Crypt:3  | Found a runed translucent gate.
 72197 | Crypt:3  | Found a runed translucent gate.
 72248 | Crypt:3  | Noticed Nimomuku's ghost (adept GrFi)
 72373 | Crypt:3  | Paralysed by a vampire knight for 2 turns
 72400 | Crypt:3  | Killed from afar by an ancient champion

Levels and vault maps discovered:
D:1:      evilmike_arrival_home_sweet_home, layout_rooms
D:2:      layout_loops_ring, first_ration, grunt_decor_resistance
D:3:      minmay_razor_zed, layout_basic, lemuel_round_altar,
          hellmonk_ghost_happy_afterlife, uniq_terence
D:4:      layout_basic, led_sif_pool, tso_oasis_becter,
          kennysheep_big_empty_room
D:5:      layout_loops_ring, lemuel_round_altar, basic_altar
D:6:      layout_basic, grunt_temple_overflow_open, serial_shops, shop
D:7:      layout_loops_ring, minmay_temple_entry_trees, uniq_menkaure
D:8:      layout_gridville
D:9:      layout_irregular_city, lair_entry_dummy
D:10:     layout_basic, orc_0_dummy, serial_shops, kennysheep_mini
D:11:     minmay_the_grid_square_5x5_4x4_mashed
          [minmay_the_grid_square_5x5_shrine1,
          minmay_the_grid_square_5x5_spiral, minmay_the_grid_square_5x5_six,
          minmay_the_grid_square_5x5_meh, minmay_the_grid_square_5x5_empty,
          minmay_the_grid_square_5x5_prize_itemx,
          minmay_the_grid_square_5x5_prize_waves,
          minmay_the_grid_square_5x5_tie, minmay_the_grid_square_5x5_lines,
          minmay_the_grid_square_5x5_prize_gold,
          minmay_the_grid_square_5x5_prize_monsterx,
          minmay_the_grid_square_5x5_n_small,
          minmay_the_grid_square_5x5_pentomino_r, minmay_the_grid_square_5x5_n,
          minmay_the_grid_square_5x5_corner,
          minmay_the_grid_square_5x5_tetrominoes], layout_basic
D:12:     layout_irregular_city
D:13:     layout_basic, grunt_vaults_entry_tiered
Temple:   nicolae_temple_x_marks_the_god
Lair:1:   layout_gridlike, serial_bayou_shore_b, minmay_lair_oklob_chamber,
          grunt_megastairs_3
Lair:2:   layout_cave_pods
Lair:3:   layout_long_grid, minmay_swamp_entry_reptiles,
          spider_nest_entry_rubble
Lair:4:   layout_hall_layers, gauntlet_entry_generic
Lair:5:   layout_long_grid, chequers_serial_rivers_room_a, uniq_urug
Lair:6:   minmay_lair_end_frog_pond, layout_small_grid, slime_dummy
Swamp:1:  layout_falls_marsh, evilmike_swamp_ruin_rubble_2, swamp_pool2,
          cheibrodos_swamp_minitomb, infiniplex_staircase_pool, uniq_louise,
          uniq_kirke
Swamp:2:  layout_basic_swamp, evilmike_swamp_ruin_house_2
Swamp:3:  layout_falls_marsh, nicolae_swamp_very_dense_foliage, worms_lemuel
Swamp:4:  swamp_alternative, layout_basic_swamp,
          portal_ice_cave_entry_frozen_things
Spider:1: layout_spider_delve, drop_trap
Spider:2: layout_spider_delve, gammafunk_ghost_necromancy
Spider:3: layout_chambers
Spider:4: grunt_spider_rune_circles
Orc:1:    layout_diamond_mine, nicolae_volcano_entry_batcave
Orc:2:    grunt_orc_community_town_hall, layout_caves,
          grunt_orc_community_big_house_1, grunt_orc_community_big_house_1,
          grunt_orc_community_house_3, grunt_orc_community_house_2,
          grunt_orc_community_house_2, grunt_orc_community_house_2,
          grunt_orc_community_house_1, basic_altar
Vaults:1: v_misc_10, vaults_room_boxed, hangedman_vaults_corner, v_misc_25,
          nicolae_vaults_alarming, v_misc_18, v_misc_27,
          vaults_room_stairs_pillars, layout_vaults_quadrants, uniq_asterion,
          uniq_donald
Vaults:2: vaults_mumra_minichess_inversion, ontoclasm_vaults_ring_large,
          v_misc_29, hangedman_vaults_trim, blue_anna_dwarven_crypt,
          nicolae_vaults_quadrants, nicolae_vaults_asterisk,
          ontoclasm_vaults_fault, ontoclasm_vaults_ligature,
          hangedman_vaults_nails, hangedman_vaults_stagger, v_rooms_5,
          ontoclasm_vaults_claustrophobia, layout_vaults_omnibox
Vaults:3: biasface_vaults_ghost_orc_armoury, hangedman_vaults_corner_blocks,
          nicolae_vaults_diagonal_hallway_9, grunt_vaults_trifunnel, v_misc_10,
          nicolae_vaults_hallways_thing, v_misc_26, vaults_room_fours,
          grunt_vaults_funnel, hangedman_vaults_stitches, layout_vaults_big_room
Vaults:4: vaults_room_grunt_arrival_ludios, ontoclasm_vaults_ring_small,
          vaults_room_semicircle, v_pattern_1, nicolae_vaults_shelves_hall,
          v_misc_31, hangedman_vaults_restitches,
          nicolae_vaults_network_periphery, nicolae_vaults_mini_display_case,
          vaults_dpeg_hooks, nicolae_vaults_an_arrangement,
          layout_vaults_maze_bifur
Vaults:5: serial_shops
Crypt:1:  layout_regular_city, uniq_frederick
Crypt:2:  statuecave_lemuel, layout_catacombs, uniq_mara
Crypt:3:  church_of_pain_bobbens, layout_chaotic_city,
          gammafunk_ghost_necromancy

Skill      XL: |  1  2  3  4  5  6  7  8  9 10 11 12 13 14 15 16 17 18 19 20 |
---------------+-------------------------------------------------------------+-----
Crossbows      | 2 3 4 5 |  5.5
Dodging        | 2 3 4 6 |  6.9
Spellcasting   | 2 3 4 5 6 8 9 10 12 13 14 16 17 | 17.2
Hexes          | 4 5 6 |  6.7
Armour         | 1 2 3 6 |  6.1
Throwing       | 1 3 |  3.4
Slings         | 7 9 10 11 12 13 | 13.9
Necromancy     | 4 7 9 11 12 14 15 16 17 18 19 | 19.2
Shields        | 2 5 7 8 9 |  9.7
Conjurations   | 2 |  2.6
Transmutations | 4 7 10 11 12 | 12.3
Axes           | 7 12 | 12.4
Fighting       | |  1.1
Maces & Flails | |  0.1

Action                   |  1- 3 |  4- 6 |  7- 9 | 10-12 | 13-15 | 16-18 | 19-21 || total
-------------------------+-------+-------+-------+-------+-------+-------+-------++-------
Melee: Club              |    89 |       |       |       |       |       |       ||    89
       Short sword       |    42 |    86 |       |       |       |       |       ||   128
       Hand axe          |       |    81 |   192 |    13 |     1 |       |       ||   287
       Kick              |       |     9 |    44 |     3 |     6 |    11 |    25 ||    98
       Spear             |       |       |       |       |     1 |    51 |    35 ||    87
       Rapier            |       |       |       |       |     5 |       |       ||     5
       Fustibalus        |       |       |       |       |     1 |     1 |     1 ||     3
       Scythe            |       |       |       |       |    35 |       |       ||    35
       Glaive            |       |       |       |       |    13 |       |       ||    13
       War axe           |       |       |       |       |       |       |    48 ||    48
       Demon trident     |       |       |       |       |       |       |     3 ||     3
 Fire: Hand crossbow     |    28 |    32 |     6 |       |       |       |       ||    66
       Fustibalus        |       |       |   129 |   808 |  2094 |  2073 |  1542 ||  6646
Throw: Dart              |       |       |    24 |       |     9 |    10 |     2 ||    45
 Cast: Slow              |     5 |    25 |    39 |    50 |    43 |    11 |     1 ||   174
       Corona            |     3 |    24 |    23 |    12 |     8 |     4 |     3 ||    77
       Cause Fear        |       |       |       |    42 |    71 |    29 |     7 ||   149
       Animate Dead      |       |       |       |     6 |    44 |    57 |    41 ||   148
       Portal Projectile |       |       |       |     4 |    13 |    20 |    19 ||    56
       Regeneration      |       |       |       |       |    20 |    60 |    58 ||   138
       Vampiric Draining |       |       |       |       |   101 |    67 |    49 ||   217
       Sublimation of Bl |       |       |       |       |       |    62 |    45 ||   107
       Sticks to Snakes  |       |       |       |       |       |     8 |     2 ||    10
       Death Channel     |       |       |       |       |       |    31 |    22 ||    53
       Borgnjor's Vile C |       |       |       |       |       |       |    88 ||    88
       Mephitic Cloud    |       |       |       |       |       |       |     2 ||     2
Invok: Receive Corpses   |       |       |       |     7 |    31 |    32 |    43 ||   113
       Receive Necronomi |       |       |       |       |     1 |       |       ||     1
 Abil: Cancel Portal Pro |       |       |       |       |       |       |     1 ||     1
Evoke: Sack of spiders   |       |       |       |       |     2 |       |       ||     2
       Wand              |       |       |       |       |     1 |       |       ||     1
  Use: Potion            |       |     2 |       |     2 |     9 |     2 |     9 ||    24
       Scroll            |       |       |     5 |     4 |    16 |    13 |    11 ||    49
 Stab: Sleeping          |       |     4 |     1 |       |       |       |     1 ||     6
       Distracted        |       |     1 |       |       |     3 |     3 |     1 ||     8
  Eat: Chunk             |     4 |    11 |    16 |    28 |    69 |    60 |    55 ||   243
       Ration            |       |     1 |     1 |     3 |     6 |     1 |     2 ||    14
Armor: Robe              |    49 |    36 |       |       |       |       |       ||    85
       Scale mail        |       |    17 |   170 |   132 |   395 |   263 |   358 ||  1335
       Leather armour    |       |     2 |       |       |       |       |       ||     2
Dodge: Dodged            |   120 |   167 |   212 |   164 |   598 |   570 |   528 ||  2359
       Deflected         |       |       |       |       |     4 |    60 |    24 ||    88
Block: Shield            |       |       |       |       |   274 |       |       ||   274
       Buckler           |       |       |       |       |    72 |   337 |   340 ||   749

Table legend:
 A = Non-vault XP
 B = Vault XP
 C = Vault XP percentage of total XP
 D = Non-vault monster count
 E = Vault monster count
 F = Vault count percentage of total count
                 A         B        C        D         E       F
            +---------+---------+-------+---------+---------+-------
      Total |  323844 |  250515 |  43.6 |    1079 |     570 |  34.6
            +---------+---------+-------+---------+---------+-------
        D:1 |      46 |       0 |   0.0 |      26 |       0 |   0.0
        D:2 |      56 |       0 |   0.0 |      16 |       0 |   0.0
        D:3 |     217 |     190 |  46.7 |      31 |      15 |  32.6
        D:4 |     332 |       0 |   0.0 |      13 |       0 |   0.0
        D:5 |    1049 |       0 |   0.0 |      17 |       0 |   0.0
        D:6 |    1097 |       0 |   0.0 |      34 |       0 |   0.0
        D:7 |    1098 |     172 |  13.5 |      15 |       1 |   6.2
        D:8 |    1965 |       0 |   0.0 |      40 |       0 |   0.0
        D:9 |    2246 |       0 |   0.0 |      32 |       0 |   0.0
       D:10 |    1942 |    1995 |  50.7 |      18 |       5 |  21.7
       D:11 |    2115 |    6526 |  75.5 |      18 |      33 |  64.7
       D:12 |    4002 |       0 |   0.0 |      29 |       0 |   0.0
       D:13 |    9998 |    8093 |  44.7 |      51 |      25 |  32.9
     Lair:1 |    1719 |    1100 |  39.0 |       5 |       7 |  58.3
     Lair:2 |    3719 |       0 |   0.0 |      12 |       0 |   0.0
     Lair:3 |    4466 |    1160 |  20.6 |      13 |       5 |  27.8
     Lair:4 |    6643 |       0 |   0.0 |      20 |       0 |   0.0
     Lair:5 |    8511 |    6546 |  43.5 |      33 |      20 |  37.7
     Lair:6 |    4484 |    8799 |  66.2 |      16 |      33 |  67.3
    Swamp:1 |   10271 |    5419 |  34.5 |      20 |      13 |  39.4
    Swamp:2 |    9753 |    1259 |  11.4 |      19 |       5 |  20.8
    Swamp:3 |   13238 |    3829 |  22.4 |      39 |      14 |  26.4
    Swamp:4 |    7088 |   14608 |  67.3 |      26 |      30 |  53.6
   Spider:1 |    6817 |       0 |   0.0 |      24 |       0 |   0.0
   Spider:2 |   10628 |       0 |   0.0 |      37 |       0 |   0.0
   Spider:3 |   13342 |       0 |   0.0 |      29 |       0 |   0.0
   Spider:4 |    8757 |   16109 |  64.8 |      27 |      38 |  58.5
      Orc:1 |    4536 |    1155 |  20.3 |      48 |       4 |   7.7
      Orc:2 |    3803 |    7614 |  66.7 |      45 |      70 |  60.9
   Vaults:1 |   27431 |   24822 |  47.5 |      56 |      32 |  36.4
   Vaults:2 |   35168 |   26166 |  42.7 |      74 |      41 |  35.7
   Vaults:3 |   35001 |   28675 |  45.0 |      73 |      40 |  35.4
   Vaults:4 |   12711 |   46460 |  78.5 |      23 |      61 |  72.6
   Vaults:5 |       0 |    8675 | 100.0 |       0 |       8 | 100.0
    Crypt:1 |   27334 |    6156 |  18.4 |      44 |       1 |   2.2
    Crypt:2 |   25456 |    5101 |  16.7 |      29 |       1 |   3.3
    Crypt:3 |   16805 |    6368 |  27.5 |      27 |       7 |  20.6
      IceCv |       0 |    9949 | 100.0 |       0 |      48 | 100.0
    Volcano |       0 |    3569 | 100.0 |       0 |      13 | 100.0
            +---------+---------+-------+---------+---------+-------
